 Dungeon Crawl Stone Soup version 0.18.1-50-g88ac8fd (webtiles) character file.

13846 Amnesiac the Blocker (level 11, -1/60 HPs)
             Began as a Spriggan Fighter on June 23, 2018.
             Was an Initiate of Gozag.
             Slain by a wolf (10 damage)
             ... in an ice cave.
             The game lasted 00:34:17 (14073 turns).

Amnesiac the Blocker (Spriggan Fighter)            Turns: 14073, Time: 00:34:17

Health: -1/60      AC: 12    Str: 15    XL:     11   Next: 80%
Magic:  18/18      EV: 25    Int: 10    God:    Gozag
Gold:   2406       SH:  9    Dex: 20    Spells: 0 memorised, 10 levels left

rFire  + . .     SeeInvis +     a - +1 dagger (protect)
rCold  + . .     Gourm    .     x - +2 robe {rF+}
rNeg   . . .     Faith    .     c - +0 buckler
rPois  .         Spirit   .     (helmet restricted)
rElec  .         Dismiss  .     y - +2 cloak {+Inv}
rCorr  .         Reflect  .     (gloves unavailable)
SustAt .         Harm     .     (boots unavailable)
MR     +....                    (no amulet)
Stlth  +++++.....               k - ring of protection from cold
                                J - +4 ring of dexterity

@: gold aura, very slightly contaminated, very quick, somewhat resistant to
hostile enchantments, quite stealthy
A: unfitting armour, see invisible, herbivore 3, speed 3, slow metabolism 2
a: Potion Petition, Call Merchant, Bribe Branch, Renounce Religion, Evoke
Invisibility


You were in an ice cave.
You worshipped Gozag.
Gozag was noncommittal.
You were not hungry.

You visited 1 branch of the dungeon, and saw 12 of its levels.
You also visited: Ice Cave.

You collected 2497 gold pieces.
You spent 20 gold pieces at shops.
You paid 71 gold pieces to Gozag.

Inventory:

Hand Weapons
 a - a +1 dagger of protection (weapon)
 b - a +0 blowgun
Missiles
 D - 7 curare-tipped needles
 E - a throwing net (quivered)
Armour
 c - a +0 buckler (worn)
 x - a +2 robe of fire resistance (worn)
 y - a +2 cloak of invisibility (worn)
Jewellery
 i - an uncursed ring of magical power
 k - a ring of protection from cold (right hand)
 t - the ring of Moqoopse {Fire rN+}
   (You found it on level 9 of the Dungeon)

   [ring of fire]

   It enhances your fire magic, and weakens your ice magic.
   It protects you from fire.
   It makes you vulnerable to cold.
   It protects you from negative energy.
 J - a +4 ring of dexterity (left hand)
Wands
 h - a wand of iceblast (0/15)
 l - a wand of paralysis (11/24)
 p - a wand of disintegration (0/24)
 w - a wand of slowing (18/48)
 C - a wand of confusion (0/48)
 F - a wand of lightning (0/15)
Scrolls
 g - 6 scrolls of remove curse {!r}
 j - 9 scrolls of recharging {!r}
 n - 2 scrolls of enchant armour {!r}
 r - 2 scrolls of teleportation {!r}
 u - a scroll of magic mapping {!r}
 v - a scroll of enchant weapon {!r}
 A - 2 scrolls of fear {!r}
 G - 2 scrolls of identify {!r}
 I - a scroll of fog {!r}
Potions
 d - a potion of might {!q}
 e - 2 potions of cure mutation {!q}
 m - 2 potions of haste {!q}
 o - 3 potions of flight {!q}
 q - a potion of lignification {!q}
 z - 3 potions of magic {!q}
 B - 3 potions of agility {!q}
 H - a potion of beneficial mutation {!q, unknown}
Comestibles
 f - 7 bread rations
 s - 20 fruits


   Skills:
 * Level 8.6 Fighting
 - Level 8.0 Short Blades
 + Level 8.4 Dodging
 - Level 8.0 Stealth
 - Level 9.2 Shields
 * Level 8.8 Evocations


You had 10 spell levels left.
You didn't know any spells.

Dungeon Overview and Level Annotations

Branches:
Dungeon (12/15)            Temple (0/1) D:6            Lair (0/8) D:9
    Orc (0/2) D:12

Altars:
Ashenzari
Cheibriados
Elyvilon
Fedhas
Gozag
Kikubaaqudgha
Makhleb
Qazlal
Trog
Zin
The Shining One

Shops:
D:12 ?


Innate Abilities, Weirdness & Mutations

You are tiny and cannot use many weapons and most armour.
You have supernaturally acute eyesight.
You are a herbivore.
You cover ground extremely quickly.
You need consume almost no food.


Message History

The wolf bites you but does no damage. You block the wolf's attack.
You hit the yak but do no damage.
The yak is heavily wounded.
The wolf misses you. You block the wolf's attack.
The yak completely misses you.
You hit the yak.
The yak is heavily wounded.
The wolf misses you. You block the wolf's attack. The wolf barely misses you.
You hit the yak.
The yak is severely wounded.
The wolf bites you. The yak misses you. The wolf bites you but does no damage.
You closely miss the yak.
The yak is severely wounded.
The wolf completely misses you. You block the wolf's attack.
The wolf completely misses you. The yak gores you.
* * * LOW HITPOINT WARNING * * *
You hit the yak but do no damage.
The yak is severely wounded.
You block the wolf's attack. The wolf misses you.
You completely miss the yak.
The yak is severely wounded.
The yak gores you!
* * * LOW HITPOINT WARNING * * *
The wolf bites you!
* * * LOW HITPOINT WARNING * * *
You block the wolf's attack.
You are too injured to fight recklessly!
You are too injured to fight recklessly!
You are too injured to fight recklessly!
You are too injured to fight recklessly!
You are too injured to fight recklessly!
You are too injured to fight recklessly!
You are too injured to fight recklessly!
You are too injured to fight recklessly!
You are too injured to fight recklessly!
You are too injured to fight recklessly!
You are too injured to fight recklessly!
A polar bear comes into view.
The polar bear growls angrily.
You see here 84 gold pieces.
Evoke which item? (* to show all) (? for menu, Esc to quit)
Okay, then.
You see here a wand of random effects {empty}.
Evoke which item? (* to show all) (? for menu, Esc to quit)
Zapping:
l - a wand of paralysis (13/24)
Press: ? - help, Shift-Dir - straight line, f - polar bear
Aim: a polar bear (chance to defeat MR: 64%)
The polar bear struggles to resist.
This wand has 12 charges left.
The wolf misses you. The polar bear closely misses you.
The polar bear claws you.
* * * LOW HITPOINT WARNING * * *
The polar bear claws you but does no damage.
Evoke which item? (* to show all) (? for menu, Esc to quit)
Zapping:
l - a wand of paralysis (12/24)
Press: ? - help, Shift-Dir - straight line, f/p - polar bear
Aim: a polar bear (chance to defeat MR: 64%)
The polar bear suddenly stops moving!
This wand has 11 charges left.
The wolf misses you. You block the wolf's attack.
The helpless polar bear fails to defend itself.
You spit the polar bear like a pig!!!
You kill the polar bear!
The wolf bites you!
You die...
Your body crumbles into a pile of gold.

.. ≈≈#
.##≈≈#
.##≈≈
#.##≈≈ ###
#..##≈##.##
...##≈#..#
#.$##...##
#.Y.#$#..#
##..#@##.##
###
#..h###..#
##.## ###
##.Y####.#
#...# #.#
####.##.#
#...# #.#
#.#...#
##.#.##
#.##
####.##
#..#..##
#..#
####..#
#.###..#
#.##
##.#..##
##.###.##
#.##
##.....#
#..##..#


You could see a yak and a wolf.

Vanquished Creatures
  The ghost of magog001 the Quickloader, a journeyman MfHu of Nemelex Xobeh (D:10)
  3 hill giants
  Pikel (D:5)
  3 centaur zombies (D:10)
  A komodo dragon (D:9)
  A troll (D:11)
  6 polar bears (IceCv)
  A slime creature (D:12)
  Grinder (D:3)
  2 shadows (D:10)
  2 flying skulls (D:10)
  A wyvern (D:11)
  8 yaks
  A hippogriff (D:8)
  A water moccasin (D:10)
  Edmund (D:6)
  Duvessa (D:6)
  2 orc warriors
  2 sky beasts (D:8)
  2 slaves (D:5)
  2 ice beasts
  2 phantoms
  6 ogres
  10 wolves (IceCv)
  2 centaurs
  4 necrophages (D:10)
  A big kobold (D:7)
  4 giant frogs
  A gnoll sergeant (D:5)
  Dowan (D:6)
  A wyvern skeleton (D:11)
  11 killer bees
  4 wights (D:10)
  2 howler monkeys
  2 vampire bats (D:3)
  6 crimson imps
  2 giant frog zombies
  A wasp zombie (D:10)
  A quasit (D:8)
  A jelly (D:12)
  8 orc priests
  5 hounds
  3 centaur skeletons
  4 giant frog skeletons
  3 iguanas
  Jessica (D:3)
  9 worker ants
  7 orc wizards
  Ijyb (D:2)
  A killer bee zombie (D:10)
  A hound zombie (D:10)
  2 hound skeletons
  5 worker ant zombies
  2 howler monkey skeletons
  10 gnolls
  8 adders
  2 shadow imps
  2 oozes (D:3)
  An adder zombie (D:5)
  An adder skeleton (D:10)
  3 worms
  2 dart slugs
  6 giant geckos
  25 orcs
  2 bat skeletons (D:3)
  4 bat zombies (D:3)
  5 giant cockroaches
  6 goblins
  6 hobgoblins
  8 jackals
  4 quokkas
  7 bats
  A giant cockroach zombie (D:5)
  4 giant newts
  8 kobolds
  8 rats
280 creatures vanquished.

Vanquished Creatures (others)
  2 slaves (D:5)
  A crimson imp (D:5)
  An orc priest (D:5)
  A gnoll (D:5)
  5 orcs (D:5)
  A plant (D:9)
11 creatures vanquished.

Grand Total: 291 creatures vanquished

Notes
Turn   | Place    | Note
--------------------------------------------------------------
     0 | D:1      | Amnesiac the Spriggan Fighter began the quest for the Orb.
     0 | D:1      | Reached XP level 1. HP: 11/11 MP: 2/2
    53 | D:1      | Reached skill level 1 in Stealth
   302 | D:2      | Reached XP level 2. HP: 13/16 MP: 3/3
   416 | D:3      | Noticed Grinder
   435 | D:4      | Reached XP level 3. HP: 18/19 MP: 4/4
   514 | D:3      | Found a blossoming altar of Fedhas.
   514 | D:3      | Noticed Jessica
   522 | D:3      | Found an opulent altar of Gozag.
   532 | D:3      | Became a worshipper of Gozag Ym Sagoz the Greedy
   652 | D:1      | Reached XP level 4. HP: 21/23 MP: 5/5
  1372 | D:2      | Reached skill level 1 in Evocations
  1435 | D:2      | Noticed Ijyb
  1451 | D:2      | Killed Ijyb
  1666 | D:2      | Reached XP level 5. HP: 5/27 MP: 8/8
  1989 | D:2      | Found a snail-covered altar of Cheibriados.
  2179 | D:3      | Found a glowing golden altar of the Shining One.
  2392 | D:3      | Killed Jessica
  2558 | D:3      | Killed Grinder
  2558 | D:3      | Reached XP level 6. HP: 32/32 MP: 10/10
  2880 | D:3      | Reached skill level 5 in Stealth
  2913 | D:3      | Found an ancient bone altar of Kikubaaqudgha.
  2924 | D:3      | Reached skill level 5 in Short Blades
  2924 | D:3      | Reached skill level 5 in Dodging
  3537 | D:4      | Reached XP level 7. HP: 35/35 MP: 11/11
  3781 | D:5      | Entered Level 5 of the Dungeon
  3799 | D:5      | Noticed Pikel
  3888 | D:5      | Killed Pikel
  3888 | D:5      | Reached skill level 3 in Shields
  3888 | D:5      | Reached skill level 5 in Evocations
  4211 | D:5      | Reached XP level 8. HP: 39/39 MP: 13/13
  4841 | D:5      | Found a glowing silver altar of Zin.
  5875 | D:6      | Found a burning altar of Makhleb.
  5879 | D:6      | Found a staircase to the Ecumenical Temple.
  5881 | D:6      | Noticed Dowan
  5884 | D:6      | Noticed Duvessa
  5931 | D:6      | Killed Duvessa
  5936 | D:6      | Killed Dowan
  6001 | D:6      | Noticed Edmund
  6044 | D:6      | Killed Edmund
  6270 | D:6      | Reached XP level 9. HP: 11/43 MP: 15/15
  6840 | D:7      | Reached skill level 4 in Shields
  7864 | D:8      | Reached skill level 5 in Shields
  8016 | D:8      | Found a blossoming altar of Fedhas.
  8166 | D:8      | Reached skill level 6 in Shields
  8820 | D:8      | Reached XP level 10. HP: 36/49 MP: 17/17
  9454 | D:9      | Found a white marble altar of Elyvilon.
  9512 | D:9      | Got a vibrating iron ring
  9514 | D:9      | Identified the ring of Moqoopse {Fire rN+} (You found it on level 9 of the Dungeon)
  9701 | D:9      | Found a staircase to the Lair.
  9733 | D:9      | Found a bloodstained altar of Trog.
  9986 | D:9      | Found a stormy altar of Qazlal.
 10093 | D:9      | Reached skill level 7 in Shields
 10161 | D:10     | Entered Level 10 of the Dungeon
 10161 | D:10     | Noticed a hill giant
 10162 | D:10     | Killed a hill giant
 10194 | D:10     | Noticed a gargoyle
 10389 | D:10     | Reached skill level 8 in Shields
 10578 | D:10     | Noticed magog001's ghost (journeyman MfHu)
 10619 | D:10     | Reached skill level 9 in Shields
 11221 | D:10     | Killed magog001's ghost
 11221 | D:10     | Reached skill level 5 in Fighting
 11221 | D:10     | Reached XP level 11. HP: 28/55 MP: 18/18
 11252 | D:10     | HP: 4/82 [poisoned by magog001's ghost]
 11259 | D:10     | HP: 4/82 [poisoned by magog001's ghost]
 11267 | D:10     | HP: 2/55 [poisoned by magog001's ghost]
 11579 | D:10     | Noticed a necromancer
 12153 | D:10     | Found a shattered altar of Ashenzari.
 12157 | D:10     | Saw a vision of the Shoals and the Spider Nest.
 12157 | D:10     | Noticed a wolf spider
 12157 | D:10     | Noticed a wolf spider
 12157 | D:10     | Noticed a wolf spider
 12157 | D:10     | Noticed a wolf spider
 12752 | D:11     | Noticed a hill giant
 12766 | D:11     | Killed a hill giant
 12964 | D:12     | Found a staircase to the Orcish Mines.
 13006 | D:12     | Found Ceretich's Magic Scroll Shop.
 13030 | D:12     | Bought a scroll of fog for 20 gold pieces
 13125 | D:11     | Noticed a hill giant
 13149 | D:11     | Killed a hill giant
 13368 | D:12     | Found a frozen archway.
 13372 | IceCv    | Entered an ice cave
 14073 | IceCv    | Slain by a wolf

Skill      XL: |  1  2  3  4  5  6  7  8  9 10 11 |
---------------+----------------------------------+-----
Stealth        | 2 3 4 5 6 7 8 |  8.0
Short Blades   | 3 4 5 6 7 8 |  8.0
Evocations     | 3 4 5 6 8 |  8.8
Dodging        | 5 6 7 8 |  8.4
Shields        | 3 6 9 |  9.2
Fighting       | 3 5 8 |  8.6

Action                   |  1- 3 |  4- 6 |  7- 9 | 10-12 || total
-------------------------+-------+-------+-------+-------++-------
Melee: Rapier            |    57 |   215 |   374 |       ||   646
       Dagger            |       |       |   552 |  1376 ||  1928
 Fire: Blowgun           |       |       |       |    12 ||    12
 Abil: Evoke Invisibilit |       |       |       |     3 ||     3
Evoke: Wand              |       |     6 |    22 |    55 ||    83
  Use: Potion            |       |       |     3 |     6 ||     9
       Scroll            |       |       |    16 |     8 ||    24
 Stab: Sleeping          |     7 |    14 |    23 |    12 ||    56
       Distracted        |       |     1 |     4 |     8 ||    13
       Confused          |       |       |    12 |    17 ||    29
       Invisible         |       |       |       |    17 ||    17
       Paralysed         |       |       |       |     2 ||     2
  Eat: Bread ration      |       |       |     2 |     1 ||     3
Armor: Robe              |     5 |    20 |    49 |    90 ||   164
       Skin              |       |       |       |     7 ||     7
Dodge: Dodged            |    35 |   154 |   405 |   660 ||  1254
Block: Buckler           |    10 |    66 |   157 |   357 ||   590
